 Dungeon Crawl Stone Soup version 0.17-a0-1987-gaf5a542 (webtiles) character file.

2026 tp1 the Protected (level 9, -3/76 HPs)
             Began as a Gargoyle Berserker on Oct 6, 2015.
             Was an Elder of Trog.
             Shot with an arrow by a centaur (6 damage)
             ... on level 6 of the Dungeon.
             The game lasted 00:31:29 (5596 turns).

tp1 the Protected (Gargoyle Berserker)              Turns: 5596, Time: 00:31:30

Health: -3/76      AC: 15    Str: 29    XL:     9   Next: 23%
Magic:  9/9        EV: 10    Int:  8    God:    Trog [****..]
Gold:   231        SH:  0    Dex:  9    Spells: 0 memorised, 8 levels left

rFire  . . .     SeeInvis .     m - +2 hand axe (chop)
rCold  . . .     Clarity  .     r - +0 scale mail
rNeg   + . .     SustAt   .     (no shield)
rPois  ∞         Gourm    .     w - +0 helmet
rElec  +         Spirit   .     (no cloak)
rCorr  .         Warding  .     (no gloves)
rMut   .         Stasis   .     (no boots)
MR     .....                    (no amulet)
Stlth  ..........               (no ring)
                                (no ring)

@: berserking, very quick, not resistant to hostile enchantments, extremely
unstealthy
A: negative energy resistance 1, electricity resistance, unbreathing,
petrification resistance, rot immunity, AC +5
a: Burn Spellbooks, Berserk, Trog's Hand, Brothers in Arms, Renounce Religion


You were on level 6 of the Dungeon.
You worshipped Trog.
Trog was greatly pleased with you.
You were hungry.

You visited 1 branch of the dungeon, and saw 6 of its levels.

You collected 231 gold pieces.

Inventory:

Hand Weapons
 a - a +0 hand axe
 m - a +2 hand axe of chopping (weapon)
 y - the +0 flail of Collusion {pain, Str+3 SInv}
   (You found it on level 4 of the Dungeon)

   In the hands of one skilled in necromantic magic, it inflicts extra damage on
   living creatures.
   It affects your strength (+3).
   It lets you see invisible.
 B - a +2 flail of protection
 E - a +4 flail
Armour
 b - a +0 animal skin
 r - a +0 scale mail (worn)
 w - a +0 helmet (worn)
Jewellery
 g - an uncursed ring of stealth {unknown}
 t - an uncursed ring of protection from magic {unknown}
 x - an uncursed ring of wizardry {unknown}
 A - a cursed ring of flight {unknown}
 F - an uncursed ring of poison resistance {unknown}
 G - an uncursed ring of sustain attributes {unknown}
Wands
 I - a wand of flame (25)
Scrolls
 d - 3 scrolls of identify
 e - 2 scrolls of fog
 f - 2 scrolls of fear
 i - 4 scrolls of remove curse
 j - 3 scrolls of teleportation {unknown}
 k - a scroll of enchant armour {unknown}
 l - 3 scrolls of enchant weapon {unknown}
 o - a scroll of amnesia {unknown}
 p - a scroll of recharging {unknown}
 D - a scroll of brand weapon {unknown}
Potions
 n - 4 potions of brilliance {unknown}
 q - 3 potions of heal wounds {unknown}
 s - a potion of curing {unknown}
 u - a potion of magic {unknown}
 z - a potion of beneficial mutation {unknown}
 H - a potion of mutation {unknown}
Comestibles
 c - a bread ration
 h - 3 beef jerkies
 v - a slice of pizza
 C - 3 meat rations


   Skills:
 - Level 3.3 Fighting
 * Level 2.8(4.9) Axes
 * Level 7.0(7.3) Maces & Flails
 - Level 10.4 Armour
 - Level 1.5 Dodging


You had 8 spell levels left.
You didn't know any spells.

Dungeon Overview and Level Annotations

Branches:
Dungeon (6/15)
 Temple: D:4-7

Altars:
Cheibriados
Kikubaaqudgha
Yredelemnul
Zin
The Shining One

Annotations:
D:6 Prince Ribbit


Innate Abilities, Weirdness & Mutations

You are resistant to torment.
Your stone body is resilient (AC +5).
You are immune to poison.
You resist negative energy.
You are resistant to electric shocks.
You can survive without breathing.
You are immune to petrification.
You are immune to rotting.


Message History

You feel yourself moving faster!
You feel mighty!
You feel somewhat more hungry. Prince Ribbit hits you.
* * * LOW HITPOINT WARNING * * *
The centaur shoots an arrow of frost.
The arrow of frost hits you.
* * * LOW HITPOINT WARNING * * *
The arrow of frost freezes you.
* * * LOW HITPOINT WARNING * * *
The centaur shoots an arrow.
The arrow hits you.
* * * LOW HITPOINT WARNING * * *
Prince Ribbit closely misses you.
Prince Ribbit momentarily phases out as your attack passes through him.
The centaur shoots an arrow.
The arrow hits you.
* * * LOW HITPOINT WARNING * * *
The centaur shoots an arrow of frost.
The arrow of frost hits you but does no damage.
The arrow of frost freezes you.
* * * LOW HITPOINT WARNING * * *
Prince Ribbit closely misses you.
The centaur shoots an arrow.
The arrow hits you.
You die...

....# .).........#
....# ........c.#
....# #.).......#
#...#.
....##.....c...#
#...#.
##...##.......... #
#...##.....##.......#
#..#.......##F....#
#...........#(#####
#.........##@#
#..........#.###
###..............##
#...........####..#
###.............#####
..........#######
##........#
#.........#
..#####..##


You could see Prince Ribbit and 2 centaurs.

Vanquished Creatures
  The ghost of Bnni the Cudgeler, a novice DsGl (D:6)
  Menkaure (D:6)
  A sky beast (D:5)
  An ogre (D:4)
  2 phantoms (D:4)
  A giant frog (D:6)
  A scorpion (D:5)
  A wight (D:4)
  A crimson imp (D:6)
  A giant frog zombie (D:5)
  A hound (D:4)
  3 orc priests
  5 orc wizards
  3 centaur skeletons
  4 iguanas
  Terence (D:3)
  Natasha (thrice) (D:3)
  4 worker ants
  A hound zombie (D:5)
  11 adders
  2 adder skeletons (D:6)
  3 oozes
  A worm (D:3)
  2 giant geckos
  15 orcs
  4 ball pythons
  4 bats
  7 giant cockroaches
  9 hobgoblins
  A jackal (D:4)
  7 kobolds
  3 quokkas
  7 giant newts
  11 goblins
  4 rats
127 creatures vanquished.

Vanquished Creatures (others)
  Eustachio (D:6)
1 creature vanquished.

Grand Total: 128 creatures vanquished

Notes
Turn   | Place    | Note
--------------------------------------------------------------
     0 | D:1      | tp1 the Gargoyle Berserker began the quest for the Orb.
     0 | D:1      | Reached XP level 1. HP: 14/14 MP: 1/1
   108 | D:1      | You fall through a shaft!
   123 | D:2      | Reached XP level 2. HP: 19/19 MP: 2/2
   235 | D:1      | Reached XP level 3. HP: 19/23 MP: 3/3
   304 | D:1      | Acquired Trog's second power
   380 | D:1      | Reached skill level 4 in Armour
   976 | D:2      | Reached XP level 4. HP: 26/28 MP: 4/4
  1042 | D:2      | Found a basalt altar of Yredelemnul.
  1145 | D:2      | Found a glowing golden altar of the Shining One.
  1173 | D:2      | Found a snail-covered altar of Cheibriados.
  1173 | D:2      | Found a glowing silver altar of Zin.
  1174 | D:2      | Found an ancient bone altar of Kikubaaqudgha.
  1376 | D:2      | Reached skill level 5 in Armour
  1507 | D:3      | Noticed Terence
  1523 | D:3      | Killed Terence
  1523 | D:3      | Reached XP level 5. HP: 8/32 MP: 5/5
  1676 | D:3      | Noticed Natasha
  1682 | D:3      | Killed Natasha
  1734 | D:3      | Reached skill level 6 in Armour
  1944 | D:3      | Noticed Natasha
  1950 | D:3      | Killed Natasha
  2005 | D:3      | Noticed Natasha
  2013 | D:3      | Killed Natasha
  2023 | D:4      | Noticed a phantom
  2073 | D:4      | Killed a phantom
  2073 | D:4      | Reached XP level 6. HP: 15/37 MP: 6/6
  2396 | D:4      | Reached skill level 7 in Armour
  2734 | D:4      | Reached skill level 8 in Armour
  2734 | D:4      | Reached XP level 7. HP: 13/41 MP: 7/7
  3116 | D:4      | Got a crystal flail
  3117 | D:4      | Identified the cursed +0 flail of Collusion {pain, Str+3 SInv} (You found it on level 4 of the Dungeon)
  3246 | D:4      | Reached skill level 9 in Armour
  3377 | D:5      | Entered Level 5 of the Dungeon
  3500 | D:5      | Reached XP level 8. HP: 33/46 MP: 8/8
  3504 | D:5      | Reached skill level 1 in Maces & Flails
  3508 | D:5      | Reached skill level 10 in Armour
  3780 | D:6      | Noticed Bnni's ghost (novice DsGl)
  3973 | D:5      | Acquired Trog's third power
  4874 | D:6      | Killed Bnni's ghost
  4874 | D:6      | Reached skill level 5 in Maces & Flails
  5077 | D:6      | Noticed Eustachio
  5112 | D:6      | Killed Eustachio
  5112 | D:6      | Reached XP level 9. HP: 7/51 MP: 9/9
  5440 | D:6      | Noticed Menkaure
  5450 | D:6      | Killed Menkaure
  5589 | D:6      | Noticed Prince Ribbit
  5595 | D:6      | HP: 3/76 [centaur/arrow of frost (1)]
  5596 | D:6      | Shot with an arrow by a centaur

Vault maps used:
D:1:      lightli_arrival_maybe_door_vault
D:2:      minitemple, tso_oasis_becter, yredelemnul_altar_generic
D:3:      uniq_natasha, uniq_terence
D:4:      kennysheep_six_static_rooms, first_bread
D:6:      lemuel_coloured_pillars_altar, hangedman_minor_gate_pass,
          uniq_blork_the_orc, uniq_prince_ribbit1, uniq_eustachio, uniq_menkaure

Action                   |  1- 3 |  4- 6 |  7- 9 || total
-------------------------+-------+-------+-------++-------
Melee: Hand axe          |   131 |   181 |    89 ||   401
       Flail             |       |       |   187 ||   187
Invok: Berserk           |       |     1 |     9 ||    10
       Trog's Hand       |       |     1 |     1 ||     2
  Use: Scroll            |       |       |     4 ||     4
  Eat: Chunk             |       |     7 |     9 ||    16
       Bread ration      |       |       |     2 ||     2
